 Dungeon Crawl Stone Soup version 0.17.1-3-g152610e (webtiles) character file.

18 Jerry the Sneak (level 2, -3/18 HPs)
             Began as an Octopode Earth Elementalist on Mar 25, 2016.
             Slain by Terence
             ... wielding a +2 flail of protection
              (5 damage)
             ... on level 2 of the Dungeon.
             The game lasted 00:02:49 (809 turns).

Jerry the Sneak (Octopode Earth Elementalist)        Turns: 809, Time: 00:02:49

Health: -3/18      AC:  1    Str:  7    XL:     2   Next: 70%
Magic:  1/5        EV: 12    Int: 17    God:
Gold:   31         SH:  0    Dex: 12    Spells: 1 memorised, 4 levels left

rFire  . . .     SeeInvis .     d - -1 mace (curse)
rCold  . . .     Clarity  .     (no shield)
rNeg   . . .     SustAt   .     (helmet restricted)
rPois  .         Gourm    .     (no amulet)
rElec  .         Spirit   .     (no ring)
rCorr  .         Warding  .     (no ring)
rMut   .         Stasis   .     (no ring)
MR     .....                    (no ring)
Stlth  +++.......               (no ring)
                                (no ring)
                                (no ring)
                                (no ring)

@: not resistant to hostile enchantments, fairly stealthy
A: almost no armour, amphibious, 8 rings, constrict 8, camouflage 1, gelatinous
body 1
a: no special abilities


You were on level 2 of the Dungeon.
You were not hungry.

You visited 1 branch of the dungeon, and saw 2 of its levels.

You collected 31 gold pieces.

Inventory:

Hand Weapons
 d - a cursed -1 mace (weapon)
Missiles
 a - 29 stones (quivered)
Scrolls
 e - 3 scrolls of identify
Potions
 f - a potion of agility {unknown}
Books
 b - a book of Geomancy

   Spells                             Type                      Level
   a - Sandblast                      Earth                        1
   b - Stoneskin                      Transmutation/Earth          2
   c - Passwall                       Transmutation/Earth          3
   d - Stone Arrow                    Conjuration/Earth            3
   e - Petrify                        Transmutation/Earth          4
   f - Lee's Rapid Deconstruction     Earth                        5
Comestibles
 c - a bread ration
 g - a beef jerky
 h - a chunk of flesh


   Skills:
 + Level 0.8 Fighting
 + Level 2.3 Dodging
 + Level 3.4 Stealth
 + Level 0.6 Unarmed Combat
 - Level 2.0 Spellcasting
   Level 1.0 Transmutations
 - Level 3.0 Earth Magic


You had 4 spell levels left.
You knew the following spells:

 Your Spells              Type           Power        Failure   Level  Hunger
a - Sandblast             Erth           ##....       6%          1    #......


Dungeon Overview and Level Annotations

Branches:
Dungeon (2/15)

Altars:

Annotations:
D:2 Terence


Innate Abilities, Weirdness & Mutations

You cannot wear most types of armour.
You are amphibious.
You can wear up to eight rings at the same time.
You can use your tentacles to constrict eight enemies at once.
Your skin changes colour to match your surroundings (Stealth).
Your rubbery body absorbs attacks (AC +1).


Message History

Aiming: Sandblast
Press: ? - help, Shift-Dir - straight line, f/p - Terence
Aim: Terence, wielding a flail of protection and wearing a ring mail The blast of sand hits Terence.
Terence closely misses you.
Casting: Sandblast
Confirm with . or Enter, or press ? or * to list all spells.
Aiming: Sandblast
Press: ? - help, Shift-Dir - straight line, f/p - Terence
Aim: Terence, wielding a flail of protection and wearing a ring mail The blast of sand hits Terence.
Terence hits you with a flail of protection.
* * * LOW HITPOINT WARNING * * *
Casting: Sandblast
Confirm with . or Enter, or press ? or * to list all spells.
Aiming: Sandblast
Press: ? - help, Shift-Dir - straight line, f/p - Terence
Aim: Terence, wielding a flail of protection and wearing a ring mail The blast of sand misses Terence.
Terence hits you with a flail of protection.
You die...

##### #<..#
###.######..
.#.###.#..)....
...........#
#+#.###.#..##
#.#.@.# ..#.#@#
...#.#..#
.......[...
.....#.##.###
#.....#.# .. ..
#.# ... ... #.
...


You could see Terence.

Vanquished Creatures
  3 bats (D:1)
  4 hobgoblins
  3 kobolds (D:1)
  2 giant cockroaches (D:1)
  2 giant newts (D:1)
  4 rats (D:1)
18 creatures vanquished.

Notes
Turn   | Place    | Note
--------------------------------------------------------------
     0 | D:1      | Jerry the Octopode Earth Elementalist began the quest for the Orb.
     0 | D:1      | Reached XP level 1. HP: 11/11 MP: 3/3
     7 | D:1      | Noticed a wolf
     7 | D:1      | Noticed an anaconda
     7 | D:1      | Noticed a worker ant
     7 | D:1      | Noticed a polar bear
   196 | D:1      | Reached XP level 2. HP: 18/18 MP: 5/5
   801 | D:2      | Noticed Terence
   809 | D:2      | Slain by Terence

Action                   || total
-------------------------++-------
Melee: Unarmed           ||    25
       Mace              ||    14
 Cast: Sandblast         ||     9
  Use: Scroll            ||     1
 Stab: Sleeping          ||     1
